 Dungeon Crawl Stone Soup version 0.30.0-29-ga12c61a403 (webtiles) character file.

Game seed: 4283093956865029700

21 monsoonserge the Shield-Bearer (level 3, 26/27 HPs)
             Began as a Meteoran Wanderer on June 22, 2023.
             Quit the game on level 1 of the Dungeon.
             The game lasted 00:03:23 (484 turns).

monsoonserge the Shield-Bearer (Meteoran Wanderer)   Turns: 484, Time: 00:03:24

Health: 26/27      AC:  3    Str: 14    XL:     3   Next: 17%
Magic:  6/6        EV: 10    Int: 15    God:
Gold:   13         SH:  5    Dex: 13    Spells: 0/4 levels left

rFire   . . .        a - +0 mace
rCold   . . .        b - +0 buckler
rNeg    . . .        g - +0 leather armour
rPois   .            (no helmet)
rElec   .            (no cloak)
rCorr   .            (no gloves)
SInv    .            (no boots)
Will    .....        (no amulet)
Stlth   +            (no ring)
HPRegen 0.24/turn    (no ring)
MPRegen 0.10/turn

%: no passive effects
@: glowing, bezotted
A: sense surroundings 1, otherworldly, glowing, explore regen
a: no special abilities


You were on level 1 of the Dungeon.
You visited 1 branch of the dungeon, and saw 1 of its levels.

You collected 13 gold pieces.

Inventory:

Hand Weapons
 a - a +0 mace (weapon)
 h - a +0 sling
Armour
 b - a +0 buckler (worn)
 d - a +0 robe
 f - a +0 ring mail
 g - a +0 leather armour (worn)
Scrolls
 c - a scroll of teleportation
 e - 2 scrolls of identify {unknown}
Potions
 i - 2 potions of cancellation {unknown}


   Skills:
 + Level 0.7 Fighting
 + Level 2.8 Maces & Flails
 * Level 1.5 Armour
 + Level 0.1 Dodging
 * Level 5.4 Shields
 * Level 1.3 Spellcasting
 * Level 2.4 Earth Magic


You couldn't memorise any spells.
You knew the following spells:

 Your Spells              Type           Power      Damage    Failure   Level
a - Sandblast             Erth           16%        2d6       14%         1
b - Stone Arrow           Conj/Erth      8%         3d7       56%         3

Your spell library contained the following spells:

 Spells                   Type           Power      Damage    Failure   Level
 Passwall                 Tmut/Erth      3%         N/A       34%         2


Dungeon Overview and Level Annotations

Branches:
Dungeon (1/15) Zot: 96

Altars:

Shops:
D:1 =


Innate Abilities, Weirdness & Mutations

You passively map a small area around you.
You are easily found by Zot.
You glow in the dark.
You regain HP and MP as you explore.


Message History

Casting: Sandblast (safe; 14% risk of failure)
Confirm with . or Enter, or press ? or * to list all spells.
Aiming: Sandblast (safe; 14% risk of failure)
Press: ? - help, Shift-Dir - straight line, f - quokka
Aim: a quokka (73% to hit)
The blast of sand hits the quokka.
The quokka is heavily wounded.
The quokka barely misses you. The quokka closely misses you.
Unknown command.
Casting: Sandblast (safe; 14% risk of failure)
Confirm with . or Enter, or press ? or * to list all spells.
Aiming: Sandblast (safe; 14% risk of failure)
Press: ? - help, Shift-Dir - straight line, f/p - quokka
Aim: a quokka (heavily wounded, 73% to hit)
You miscast Sandblast.
You are very lightly contaminated with residual magic.
Nothing appears to happen.
The quokka bites you.
Unknown command.
Casting: Sandblast (safe; 14% risk of failure)
Confirm with . or Enter, or press ? or * to list all spells.
Aiming: Sandblast (safe; 14% risk of failure)
Press: ? - help, Shift-Dir - straight line, f/p - quokka
Aim: a quokka (heavily wounded, 73% to hit)
You miscast Sandblast.
Nothing appears to happen.
The quokka barely misses you.
Unknown command.
Casting: Sandblast (safe; 14% risk of failure)
Confirm with . or Enter, or press ? or * to list all spells.
Aiming: Sandblast (safe; 14% risk of failure)
Press: ? - help, Shift-Dir - straight line, f/p - quokka
Aim: a quokka (heavily wounded, 73% to hit)
The blast of sand hits the quokka!
You kill the quokka!
You see here a quokka corpse.
HP restored.
Your magical contamination has completely faded away.
There is a stone staircase leading down here.
A frilled lizard comes into view.
You have lingered too long.
Zot senses you.
Dive deeper or flee this branch before you suffer!
The frilled lizard bites you.
Are you sure you want to abandon this character and quit the game? (Confirm with "yes".)

#...# #...#
####.###### ****
######
.......>..###### ,
#.....
####.###.......#####.
, #..≈≈≈≈
#.#...............,
..≈≈≈≈≈
####.#....###.######
, #≈≈≈≈≈≈ .....#....#
#....# * ≈≈≈8≈≈≈
######....# ####@#
≈≈≈≈≈≈≈ #....#
#.l...#* ≈≈≈≈~~~
#....# #........
~≈≈~≈≈≈ #....#
#........ ≈~~≈≈≈≈
#....* * #........
≈≈≈≈≈≈. * ,
........., ≈≈≈≈≈.≈
......... ≈≈≈≈≈.≈ ,
......... ≈≈≈≈≈.≈
≈≈≈8≈≈.


You could see a frilled lizard.

Vanquished Creatures
  A dart slug (D:1)
  A giant cockroach (D:1)
  2 hobgoblins (D:1)
  A quokka (D:1)
  4 ball pythons (D:1)
  3 bats (D:1)
  A frilled lizard (D:1)
  6 kobolds (D:1)
  A rat (D:1)
20 creatures vanquished.

Notes
Turn   | Place    | Note
-------+----------+-------------------------------------------
     0 | D:1      | monsoonserge the Meteoran Wanderer began the quest for the
                  | Orb.
     0 | D:1      | monsoonserge set off with the following items: a +0 mace, a
                  | +0 buckler, a scroll of teleportation, a +0 robe; and the
                  | following spell memorised: Sandblast; and the following
                  | spells available to memorise: Passwall, Stone Arrow.
     0 | D:1      | Reached XP level 1. HP: 14/14 MP: 3/3
    38 | D:1      | Reached skill level 5 in Shields
    50 | D:1      | Reached XP level 2. HP: 14/20 MP: 5/5
   271 | D:1      | Found Urickykk's Jewellery Emporium.
   321 | D:1      | Reached XP level 3. HP: 22/27 MP: 6/6
   329 | D:1      | Learned a level 3 spell: Stone Arrow
   480 | D:1      | Glimpsed the power of Zot.
   484 | D:1      | Quit the game

Illustrated notes

Levels and vault maps discovered:
D:1:      nzn_arrival_water_spiral, layout_basic, serial_shops, shop,
          minivault_4, dreamdust_princess_bridge

Skill      XL: |  1 |
---------------+----+-----
Shields        | 5 |  5.4
Fighting       | |  0.7
Maces & Flails | |  2.8
Armour         | |  1.5
Dodging        | |  0.1
Spellcasting   | |  1.3
Earth Magic    | |  2.4

Action                     || total
---------------------------++-------
  Melee: Mace              ||    56
   Cast: Sandblast         ||     4
 Armour: Robe              ||     5
         Ring mail         ||    10
         Leather armour    ||     7
  Dodge: Dodged            ||    38
  Block: Buckler           ||    18
